Map: Frozen Temple

Players

blackxored

  • Race: Zerg Zerg
  • League: Diamond

Magomed - Winner!

  • Race: Terran Terran
  • League: Diamond

VOD

Have the link to the VOD?

Description

Time

  • Played on: June 19, 2016, 4:23 p.m.
  • Length: 9:51
Show
View Real Time Build Order
Export as new Build Order

blackxored Zerg 

Build Orders: Hatch First 

Get SALT Encoding   

  12  0:02  Drone  
  13  0:08  Drone  
  14  0:17  Overlord  
  14  0:23  Extractor  
  14  0:24  Drone  
  15  0:38  Drone x2  
  17  0:53  Hatchery  
  17  0:56  Drone  
  17  1:00  Drone  
  18  1:10  Extractor  
  17  1:16  Spawning Pool  
  16  1:18  Drone  
  16  1:22  Drone  
  18  1:28  Drone  
  19  1:39  Overlord  
  19  1:50  Drone  
  20  2:07  Zergling x4  
  22  2:10  Queen  
  24  2:16  Hatchery  
  24  2:20  Queen  
  25  2:25  Zergling x2  
  26  2:30  Metabolic Boost  
  26  2:43  Drone x3  
  30  2:44  Drone  
  30  2:51  Overlord  
  30  2:56  Drone  
  30  3:06  Zergling x8  
  34  3:19  Drone x2  
  36  3:22  Pneumatized Carapace  
  36  3:26  Drone x3  
  39  3:28  Overlord  
  38  3:57  Drone  
  38  3:58  Drone x7  
  38  4:01  Queen  
  48  4:05  Queen  
  50  4:15  Lair  
  50  4:16  Drone x4  
  54  4:17  Drone  
  54  4:24  Extractor  
  54  4:26  Roach Warren  
  54  4:27  Drone x2  
  54  4:32  Drone x3  
  57  4:47  Overlord  
  56  5:01  Queen  
  52  5:12  Roach x7  
  59  5:29  Roach x3  
  59  5:34  Drone x3  
  59  5:35  Drone  
  66  5:38  Drone  
  64  5:57  Drone x2  
  66  6:06  Overlord  
  66  6:14  Overlord  
  66  6:15  Overlord  
  66  6:24  Queen x2  
  70  6:29  Nydus Network  
  69  6:38  Roach x4  
  78  6:40  Zergling x16  
  85  6:49  Zergling x4  
  85  6:50  Zergling x4  
  88  7:06  Roach x4  
  82  7:25  Zergling x12  
  88  7:30  Spine Crawler  
  88  7:31  Spine Crawler  
  88  7:32  Drone  
  87  7:39  Nydus Canal  
  87  7:43  Roach  
  87  8:10  Overlord  
  87  8:15  Overlord  
  87  8:33  Nydus Canal  
  87  8:35  Roach x5  
  87  8:37  Overlord x4  
  97  8:55  Queen x3  
  98  9:05  Ravager x4  
  87  9:18  Roach x5  
Show
View Real Time Build Order
Export as new Build Order

Magomed Terran - Winner!

Build Orders: Hellion Banshee 

Get SALT Encoding   

  12  0:01  SCV  
  13  0:13  SCV  
  14  0:17  Supply Depot  
  14  0:25  SCV  
  15  0:39  SCV  
  15  0:40  Barracks  
  16  0:45  Refinery  
  16  0:51  SCV  
  17  1:03  SCV  
  18  1:15  SCV  
  19  1:26  Marine  
  19  1:27  Orbital Command  
  20  1:41  Command Center  
  20  1:44  Marine  
  21  1:56  Factory  
  21  2:00  SCV  
  22  2:14  Barracks Reactor  
  22  2:22  SCV  
  23  2:28  Supply Depot  
  23  2:46  SCV  
  23  2:55  Orbital Command  
  23  2:58  Hellion  
  25  3:00  Hellion  
  27  3:06  Command Center, SCV  
  28  3:18  SCV  
  31  3:20  Hellion  
  31  3:21  Hellion, SCV  
  34  3:31  Starport  
  34  3:35  SCV  
  34  3:37  SCV  
  38  3:41  Hellion  
  38  3:47  SCV  
  39  3:51  Hellion  
  39  3:52  SCV  
  39  3:53  Barracks Tech Lab  
  42  3:58  Engineering Bay  
  42  4:00  SCV  
  42  4:02  Refinery  
  45  4:03  Hellion  
  45  4:07  Supply Depot  
  45  4:08  Starport Tech Lab  
  45  4:13  SCV  
  46  4:17  SCV  
  46  4:18  Hellion  
  46  4:22  Orbital Command  
  49  4:25  Hellion, SCV  
  49  4:30  Terran Infantry Weapons Level 1  
  52  4:34  Banshee  
  52  4:37  SCV  
  56  4:39  SCV  
  57  4:49  Hellion, SCV  
  57  4:50  Supply Depot  
  57  4:51  SCV  
  57  4:52  SCV  
  52  5:55  Marauder  
  52  5:56  Hellion x2  
  56  5:58  Banshee  
  56  6:01  SCV x3  
  62  6:08  Barracks  
  62  6:09  Barracks  
  62  6:10  Barracks  
  62  6:12  Barracks  
  62  6:13  Barracks, SCV  
  62  6:17  SCV  
  62  6:18  SCV  
  65  6:24  Terran Infantry Armor Level 1  
  65  6:25  SCV  
  66  6:29  SCV  
  66  6:30  Starport, SCV  
  68  6:32  Refinery  
  68  6:33  Supply Depot, Refinery  
  68  6:37  SCV  
  69  6:40  Banshee  
  69  6:42  SCV x2  
  69  6:45  Marine  
  69  6:46  Marine  
  76  6:49  SCV  
  76  6:53  Supply Depot  
  77  6:54  Siege Tank, SCV x2  
  77  6:55  Armory  
  77  6:57  Supply Depot  
  82  7:01  SCV  
  82  7:07  SCV x2  
  85  7:15  SCV  
  86  7:19  SCV  
  86  7:20  Liberator x2  
  83  7:34  Supply Depot, Engineering Bay  
  83  7:35  Supply Depot  
  89  7:46  Marine  
  89  7:47  Supply Depot, Marine x6  
  96  7:52  Supply Depot  
  96  7:54  Supply Depot  
  96  7:59  SCV x2  
  96  8:01  SCV  
  96  8:02  Liberator x2  
  96  8:04  Marine  
  96  8:05  Marine x6  
  106  8:11  SCV  
  108  8:12  SCV  
  108  8:13  SCV  
  108  8:16  Supply Depot  
  109  8:22  Marine x4  
  109  8:23  Refinery, Marine x3, SCV  
  109  8:25  SCV x2  
  109  8:26  Refinery  
  125  8:29  Command Center  
  125  8:35  SCV  
  125  8:37  SCV  
  125  8:39  Supply Depot, SCV  
  125  8:40  Marine x7  
  135  8:45  Liberator  
  135  8:47  SCV  
  136  8:49  SCV  
  137  8:58  Marine x7  
  144  9:15  Marine  
Tags
 
Add a new tag
Caveats
  • Supply blocks, unpowered buildings, or Contaminate may cause inaccurate times.
  • Supply counts are checked every 10 seconds.